 Dungeon Crawl Stone Soup version 0.30-a0-166-g5d06c95188 (webtiles) character file.

Game seed: 6664017429385734419

77 qw the Chopper (level 4, 0/28 HPs)
             Began as a Gargoyle Fighter on Sept 28, 2022.
             Slain by a ball python (1 damage)
             ... on level 4 of the Dungeon.
             The game lasted 00:00:49 (2845 turns).

qw the Chopper (Gargoyle Fighter)                   Turns: 2845, Time: 00:00:49

Health: 0/28       AC: 12    Str: 22    XL:     4   Next: 34%
Magic:  4/4        EV:  4    Int:  8    God:
Gold:   126        SH:  4    Dex:  9    Spells: 3/3 levels left

rFire   . . .      SeeInvis .    Y - +0 war axe
rCold   . . .      Faith    .    c - +0 buckler
rNeg    + . .      Spirit   .    h - +0 chain mail
rPois   inf        Reflect  .    (no helmet)
rElec   +          Harm     .    (no cloak)
rCorr   .          Rampage  .    (no gloves)
Will    .....                    (no boots)
Stlth   ..........               (no amulet)
HPRegen 0.09/turn                (no ring)
MPRegen 0.09/turn                (no ring)

@: constricted
A: sickness immunity, AC +3, negative energy resistance 1, electricity
resistance, torment resistance 1, petrification resistance
a: no special abilities


You were on level 4 of the Dungeon.
You visited 1 branch of the dungeon, and saw 4 of its levels.

You collected 126 gold pieces.


Innate Abilities, Weirdness & Mutations

You are immune to sickness and miasma.
Your stone body is resilient. (AC +3)
You are immune to poison.
You resist negative energy. (rN+)
You are resistant to electric shocks. (rElec)
You are resistant to unholy torment.
You are immune to petrification.


   Skills:
 - Level 3.2 Fighting
 + Level 4.1 Axes
 - Level 3.2 Armour
 - Level 3.2 Shields


You had 3 spell levels left.
You didn't know any spells.
Your spell library was empty.

Inventory:

Hand Weapons
 i - a +0 club
 Y - a +0 war axe (weapon)
Armour
 c - a +0 buckler (worn)
 h - a +0 chain mail (worn)
Jewellery
 a - a ring of fire
Potions
 d - 2 potions of might
 e - a potion of lignification {unknown}
 f - a potion of resistance
 g - a potion of heal wounds {unknown}
 j - a potion of curing
 k - a potion of attraction {unknown}

Dungeon Overview and Level Annotations

Branches:
Dungeon (4/15)
 Temple: D:4-7

Altars:
Trog


Message History

The iguana bites you but does no damage.
You hit the iguana.
The iguana is lightly wounded.
The iguana bites you.
The ball python bites you but does no damage.
The ball python grabs you. The ball python constricts you.
You closely miss the ball python. You closely miss the iguana.
You hit the goblin.
You kill the goblin!
The iguana barely misses you. The ball python bites you.
The ball python constricts you. You block the iguana's attack.
You block the ball python's attack. The ball python constricts you.
You closely miss the ball python. You completely miss the iguana.
The ball python bites you but does no damage.
The ball python constricts you. The iguana barely misses you.
You barely miss the ball python. You closely miss the iguana.
The ball python bites you but does no damage.
The ball python constricts you.
The iguana bites you but does no damage.
The ball python barely misses you. The ball python constricts you.
You barely miss the ball python. You barely miss the iguana.
The iguana bites you but does no damage.
The ball python bites you. The ball python constricts you.
The iguana bites you!
You barely miss the ball python. You closely miss the iguana.
The ball python barely misses you. The ball python constricts you.
The ball python completely misses you. The ball python constricts you.
The iguana barely misses you.
You completely miss the ball python. You hit the iguana but do no damage.
The ball python bites you but does no damage.
The ball python constricts you.
The iguana hisses menacingly.
The iguana bites you but does no damage.
The ball python bites you but does no damage.
The ball python constricts you.
You closely miss the ball python. You hit the iguana but do no damage.
The iguana bites you but does no damage.
The ball python bites you. The ball python constricts you.
The iguana bites you!
You closely miss the ball python. You hit the iguana.
The ball python bites you.
You die...

# ##....... ##.
####........ #..####
##...........
#.....####.....##.....
#...............^.....
##..............#####..
#...........##### ###
##...)...##.+
#...S@)....#
#....l.........
...........#..#.
....$#..........
.....###.?...#.. ....
#........ ##. ##.#....
#. ##....


You could see an iguana and a ball python.

Vanquished Creatures
  3 adders
  A worm (D:4)
  A dart slug (D:2)
  An orc (D:3)
  6 bats
  2 endoplasms
  3 giant cockroaches
  5 goblins
  A hobgoblin (D:3)
  3 jackals (D:2)
  2 quokkas (D:4)
  3 ball pythons
  4 frilled lizards
  4 kobolds
  4 rats
43 creatures vanquished.

Notes
Turn   | Place    | Note
-------+----------+-------------------------------------------
     0 | D:1      | qw the Gargoyle Fighter began the quest for the Orb.
     0 | D:1      | Reached XP level 1. HP: 14/14 MP: 1/1
     0 | D:1      | 0 ||| qw: Version: 0.2-a-12-gaebbb33
     0 | D:1      | 0 ||| qw: Game counter: 965
     0 | D:1      | 0 ||| qw: Always use a shield: true
     0 | D:1      | 0 ||| qw: God list: Okawaru
     0 | D:1      | 0 ||| qw: Allow faded altars: false
     0 | D:1      | 0 ||| qw: Do Orc after D:15 true
     0 | D:1      | 0 ||| qw: Do second Lair branch before Depths: true
     0 | D:1      | 0 ||| qw: Lair rune preference: random
     0 | D:1      | 0 ||| qw: Plans: Normal, Zot:1-4, God:TSO, Crypt, Tomb,
                  | Pan, Slime:5, Hells, Abyss, Orb
     0 | D:1      | 0 ||| PLANNING D:1-11
     6 | D:1      | Noticed a black bear
     6 | D:1      | Noticed a wolf
     7 | D:1      | Noticed a salamander
     7 | D:1      | Noticed a lindwurm
    16 | D:1      | 16 ||| Stepping ~*~*~tactically~*~*~ (stealth).
    82 | D:1      | Reached skill level 2 in Axes
   276 | D:1      | Reached XP level 2. HP: 19/19 MP: 2/2
   425 | D:1      | Found a faded altar of an unknown god.
   887 | D:1      | 887 ||| READING scroll labelled ZIOBIJ KALASOA.
   888 | D:1      | 888 ||| READING scroll labelled BEIQOY VI TEU.
   889 | D:1      | 889 ||| DRINKING 2 metallic coppery potions.
   933 | D:2      | 933 ||| Stepping ~*~*~tactically~*~*~ (stealth).
   934 | D:2      | 934 ||| Stepping ~*~*~tactically~*~*~ (stealth).
  1065 | D:2      | 1065 ||| Stepping ~*~*~tactically~*~*~ (stealth).
  1091 | D:2      | Reached skill level 3 in Axes
  1091 | D:2      | Reached XP level 3. HP: 23/23 MP: 3/3
  1117 | D:2      | 1117 ||| Stepping ~*~*~tactically~*~*~ (hiding).
  1430 | D:2      | Found a bloodstained altar of Trog.
  1774 | D:2      | 1774 ||| READING scroll labelled ROFIN KESIMYTS.
  1875 | D:2      | 1875 ||| READING scroll labelled ROVVOSHY BOMED.
  1880 | D:2      | 1880 ||| DRINKING 2 viscous black potions.
  1888 | D:3      | 1888 ||| Stepping ~*~*~tactically~*~*~ (stealth).
  1891 | D:3      | 1891 ||| Stepping ~*~*~tactically~*~*~ (stealth).
  2245 | D:3      | Reached XP level 4. HP: 28/28 MP: 4/4
  2648 | D:3      | 2648 ||| UPGRADING to +0 chain mail.
  2658 | D:3      | 2658 ||| DROPPING +0 scale mail.
  2659 | D:3      | 2659 ||| READING scroll labelled FUAWIL VUIZEPA.
  2660 | D:3      | 2660 ||| READING scroll labelled NUN JEMMAORGH.
  2763 | D:4      | Reached skill level 4 in Axes
  2817 | D:4      | 2817 ||| Stepping ~*~*~tactically~*~*~ (stealth).
  2823 | D:4      | 2823 ||| Stepping ~*~*~tactically~*~*~ (stealth).
  2824 | D:4      | 2824 ||| Stepping ~*~*~tactically~*~*~ (stealth).
  2844 | D:4      | HP: 1/28 [iguana (8)]
  2845 | D:4      | Slain by a ball python

Levels and vault maps discovered:
D:1:      onia_arrival_zoo_common, layout_rooms,
          shapermc_ecumenical_altar_hornbeckon
D:2:      layout_basic, basic_altar
D:3:      layout_basic
D:4:      layout_cave_pools, mainiacjoe_overflow_surrounded_room, uniq_menkaure

Skill      XL: |  1  2  3  4 |
---------------+-------------+-----
Axes           | 2 3 4 |  4.1
Fighting       | |  3.2
Armour         | |  3.2
Shields        | |  3.2

Action                   |  1- 3 |  4- 6 || total
-------------------------+-------+-------++-------
Melee: War axe           |   117 |    28 ||   145
  Use: Scroll            |     4 |     2 ||     6
       Potion            |     2 |       ||     2
Armor: Scale mail        |    69 |       ||    69
       Chain mail        |       |    21 ||    21
Dodge: Dodged            |    50 |    11 ||    61
Block: Buckler           |    15 |     5 ||    20

Table legend:
 A = Non-vault XP
 B = Vault XP
 C = Vault XP percentage of total XP
 D = Non-vault monster count
 E = Vault monster count
 F = Vault count percentage of total count
                 A         B        C        D         E       F
            +---------+---------+-------+---------+---------+-------
      Total |     111 |       0 |   0.0 |      43 |       0 |   0.0
            +---------+---------+-------+---------+---------+-------
        D:1 |      21 |       0 |   0.0 |      16 |       0 |   0.0
        D:2 |      48 |       0 |   0.0 |      13 |       0 |   0.0
        D:3 |      14 |       0 |   0.0 |       7 |       0 |   0.0
        D:4 |      28 |       0 |   0.0 |       7 |       0 |   0.0
            +---------+---------+-------+---------+---------+-------
